 Dungeon Crawl Stone Soup version 0.18.1-47-g9310371 (console) character file.

119 Kloppie the Cudgeler (level 4, -1/63 HPs)
             Began as a Minotaur Berserker on June 21, 2016.
             Was a Believer of Trog.
             Slain by an orc priest
             ... wielding a +0 flail
              (6 damage)
             ... while paralysed by Grinder
             ... on level 3 of the Dungeon.
             The game lasted 00:02:54 (1566 turns).

Kloppie the Cudgeler (Minotaur Berserker)           Turns: 1566, Time: 00:02:54

Health: -1/63      AC:  8    Str: 27    XL:     4   Next: 74%
Magic:  3/3        EV:  2    Int:  4    God:    Trog [**....]
Gold:   79         SH:  0    Dex: 10    Spells: 0 memorised, 3 levels left

rFire  . . .     SeeInvis .     a - +0 mace
rCold  . . .     Gourm    .     n - +0 ring mail
rNeg   . . .     Faith    .     (no shield)
rPois  .         Spirit   .     (helmet restricted)
rElec  .         Dismiss  .     f - +0 cloak
rCorr  .         Reflect  .     o - +0 pair of gloves
SustAt .         Harm     .     h - +0 pair of boots
MR     .....                    (no amulet)
Stlth  ..........               (no ring)
                                e - ring of stealth

@: paralysed, berserking (expiring), not resistant to hostile enchantments,
extremely unstealthy
A: retaliatory headbutt, horns 2
a: Berserk, Trog's Hand, Burn Spellbooks, Renounce Religion


You were on level 3 of the Dungeon.
You worshipped Trog.
Trog was pleased with you.
You were hungry.

You visited 1 branch of the dungeon, and saw 3 of its levels.

You collected 79 gold pieces.

Inventory:

Hand Weapons
 a - a +0 mace (weapon)
Armour
 f - a +0 cloak (worn)
 h - a +0 pair of boots (worn)
 n - a +0 ring mail (worn)
 o - a +0 pair of gloves (worn)
Jewellery
 e - a ring of stealth (left hand)
Scrolls
 j - a scroll of remove curse
Potions
 g - a potion of lignification
 l - a potion of heal wounds {unknown}
 p - a potion of curing
 q - 2 potions of magic {unknown}
 t - a potion of degeneration {unknown}
Comestibles
 c - 2 bread rations
 d - 3 fruits
 m - a beef jerky
 r - 3 chunks of flesh


   Skills:
 + Level 5.2 Fighting
 + Level 5.5 Maces & Flails
 - Level 2.4 Armour
 - Level 2.1 Dodging


You had 3 spell levels left.
You didn't know any spells.

Dungeon Overview and Level Annotations

Branches:
Dungeon (3/15)

Altars:
Ashenzari
Cheibriados
Fedhas
Kikubaaqudgha
Makhleb
Ru
Yredelemnul

Annotations:
D:3 Grinder


Innate Abilities, Weirdness & Mutations

You reflexively headbutt those who attack you in melee.
You have a pair of horns on your head.


Message History

The orc hits you but does no damage.
You sock Grinder!
Grinder is almost dead.
Grinder gestures at you.
You suddenly lose the ability to move!
The orc hits you.
* * * LOW HITPOINT WARNING * * *
The orc priest hits you with a flail.
* * * LOW HITPOINT WARNING * * *
The orc hits you with a falchion.
* * * LOW HITPOINT WARNING * * *
Grinder hits you but does no damage. The orc hits you but does no damage.
The orc priest hits you with a flail.
* * * LOW HITPOINT WARNING * * *
The orc hits you with a falchion.
* * * LOW HITPOINT WARNING * * *
Grinder hits you!
* * * LOW HITPOINT WARNING * * *
The orc hits you but does no damage. The orc priest hits you with a flail.
You die...

###### ########
#....####### .......#
#...........
.#####.######...........
........................
>................o......
.#...#.######...@oK.##
.#...#.# #...o5..#
.....#.# #####...#
.....#.# ...# #...##.#
...# #...<#.# ...#
#....#.# ...# #....#.#
.### #....#'##


You could see Grinder, an orc priest, 2 orcs and a kobold.

Vanquished Creatures
  4 adders (D:2)
  A shadow imp (D:3)
  2 oozes
  3 dart slugs
  2 giant geckos
  An orc (D:3)
  A ball python (D:1)
  3 giant cockroaches
  10 goblins
  6 hobgoblins
  7 jackals (D:2)
  5 kobolds
  A quokka (D:3)
  3 bats
  2 giant newts (D:1)
  5 rats
56 creatures vanquished.

Notes
Turn   | Place    | Note
--------------------------------------------------------------
     0 | D:1      | Kloppie the Minotaur Berserker began the quest for the Orb.
     0 | D:1      | Reached XP level 1. HP: 19/19 MP: 0/0
    47 | D:1      | Reached XP level 2. HP: 21/27 MP: 1/1
    66 | D:1      | Found a snail-covered altar of Cheibriados.
   447 | D:2      | Reached XP level 3. HP: 31/34 MP: 2/2
   552 | D:2      | Reached ** piety under Trog
   565 | D:2      | Found a basalt altar of Yredelemnul.
   574 | D:2      | Found a burning altar of Makhleb.
   620 | D:2      | Found an ancient bone altar of Kikubaaqudgha.
   645 | D:2      | Reached XP level 4. HP: 33/41 MP: 3/3
   699 | D:2      | Reached skill level 5 in Maces & Flails
   739 | D:2      | Reached skill level 5 in Fighting
  1138 | D:2      | Found a blossoming altar of Fedhas.
  1259 | D:2      | Found a sacrificial altar of Ru.
  1266 | D:2      | Found a shattered altar of Ashenzari.
  1540 | D:3      | Noticed Grinder
  1563 | D:3      | Paralysed by Grinder for 6 turns
  1566 | D:3      | Slain by an orc priest

Skill      XL: |  1  2  3  4 |
---------------+-------------+-----
Maces & Flails | 4 5 |  5.5
Fighting       | 4 5 |  5.2
Armour         | |  2.4
Dodging        | |  2.1

Action                   |  1- 3 |  4- 6 || total
-------------------------+-------+-------++-------
Melee: Mace              |    64 |    64 ||   128
       Headbutt          |     9 |     9 ||    18
Invok: Berserk           |       |     1 ||     1
       Trog's Hand       |       |     1 ||     1
  Use: Scroll            |       |     5 ||     5
  Eat: Chunk             |       |     2 ||     2
Armor: Animal skin       |    20 |     9 ||    29
       Ring mail         |       |    28 ||    28
Dodge: Dodged            |    55 |    56 ||   111
